[Event "Fagernes GM Open Autumn 2024"]
[Site "Fagernes"]
[Date "2024.10.10"]
[Round "6.25"]
[White "Mannion, Stephen R"]
[Black "Vijayakumar, Rishi"]
[Result "0-1"]
[ECO "C56"]
[WhiteElo "2142"]
[BlackElo "2172"]
[Annotator "RC"]
[PlyCount "120"]
[EventDate "2024.10.03"]
[EventType "swiss"]
[EventCountry "NOR"]
[SourceTitle "playchess.com"]
[Source "ChessBase"]
[SourceQuality "1"]
[TimeControl "40/6000:2400+30"]

1. e4 e5 2. Nf3 Nc6 3. Bc4 Nf6 4. d4 exd4 5. e5 d5 6. Bb5 Nd7 7. O-O Be7 8. Re1 O-O 9. Bxc6 bxc6 10. Nxd4 Nb8 11. Nc3 c5 12. Nf3 Be6 13. Bf4 h6 14. h3 Re8 15. Qd2 c6 16. Ne2 Nd7 17. c3 Nf8 18. Ng3 Nh7 19. Nh2 Bg5 20. Ng4 Rb8 21. b3 Bxg4 22. hxg4 g6 23. Rad1 Bxf4 24. Qxf4 Qg5 25. Qa4 Rxe5 26. Rxe5 Qxe5 27. Qxc6 Qxc3 28. Qxd5 Nf6 29. Qf3 Qe5 30. Nf1 Kg7 31. Ne3 Re8 32. Rc1 Rd8 33. Qc6 Ne4 34. Rf1 Qf4 35. Nc4 Nxf2 36. Qxc5 Rd4 37. Qe5+ Qxe5 38. Nxe5 Nxg4 39. Nc6 Rd2 40. Rf4 Ne3 41. Re4 Rxg2+ 42. Kh1 Re2 43. Kg1 Rg2+ 44. Kh1 Re2 45. Kg1 f5 46. Re7+ Kf6 47. Rxa7 f4 48. Nd4 Rg2+ 49. Kh1 Ke5 50. Nf3+ Ke4 51. Nh4 Rg3 52. Ra4+ Ke5 53. Ra5+ Kf6 54. Ra6+ Kf7 55. Ra7+ Ke8 56. a4 Rh3+ 57. Kg1 Rxh4 58. a5 Rh5 59. a6 Ra5 60. b4 Ra2 0-1

[Event "Fagernes GM Open Autumn 2024"]
[Site "Fagernes"]
[Date "2024.10.10"]
[Round "6.26"]
[White "Kittilsen, Sigurd"]
[Black "Soham Datar"]
[Result "0-1"]
[ECO "B33"]
[WhiteElo "1981"]
[BlackElo "2188"]
[Annotator "RC"]
[PlyCount "72"]
[EventDate "2024.10.03"]
[EventType "swiss"]
[EventCountry "NOR"]
[SourceTitle "playchess.com"]
[Source "ChessBase"]
[SourceQuality "1"]
[TimeControl "40/6000:2400+30"]

1. e4 c5 2. Nf3 Nc6 3. d4 cxd4 4. Nxd4 Nf6 5. Nc3 e5 6. Ndb5 d6 7. Bg5 a6 8. Na3 b5 9. Bxf6 gxf6 10. Nd5 Bg7 11. Bd3 Ne7 12. Nxe7 Qxe7 13. O-O O-O 14. Qf3 f5 15. exf5 d5 16. Qxd5 Bb7 17. Qb3 e4 18. Rfe1 Bd4 19. Bf1 Qh4 20. Re2 Rad8 21. c3 Bc5 22. Nxb5 e3 23. fxe3 Bd5 24. Qd1 axb5 25. Qe1 Qf6 26. Kh1 Be4 27. Qg3+ Kh8 28. Rf2 Bd6 29. Qg4 Qh6 30. h3 Rde8 31. f6 Rg8 32. Qd7 Re6 33. Kg1 Qxh3 34. Bxb5 Rxg2+ 35. Kf1 Rxf2+ 36. Kxf2 Rxf6+ 0-1

[Event "Fagernes GM Open Autumn 2024"]
[Site "Fagernes"]
[Date "2024.10.10"]
[Round "6.27"]
[White "Hetland, Even"]
[Black "Kanyamarala, Trisha"]
[Result "0-1"]
[ECO "B67"]
[WhiteElo "1970"]
[BlackElo "2160"]
[Annotator "RC"]
[PlyCount "126"]
[EventDate "2024.10.03"]
[EventType "swiss"]
[EventCountry "NOR"]
[SourceTitle "playchess.com"]
[Source "ChessBase"]
[SourceQuality "1"]
[TimeControl "40/6000:2400+30"]

1. e4 c5 2. Nf3 d6 3. d4 cxd4 4. Nxd4 Nf6 5. Nc3 Nc6 6. Bg5 e6 7. Qd2 a6 8. O-O-O Bd7 9. f4 b5 10. Bxf6 gxf6 11. Kb1 Qb6 12. Nxc6 Bxc6 13. f5 b4 14. Ne2 e5 15. Ng3 h5 16. h4 Rd8 17. Bc4 a5 18. Qe2 Qc5 19. b3 Ke7 20. Nxh5 Bh6 21. Rhe1 a4 22. g4 Bf4 23. Rd3 Rd7 24. Qf3 a3 25. Red1 Bb7 26. Nxf4 exf4 27. Qxf4 Qe5 28. Qxe5+ fxe5 29. Rh3 Bxe4 30. Rg1 d5 31. Bd3 Bxd3 32. cxd3 f6 33. Rhh1 Kf7 34. Kc2 e4 35. Kd2 Rc7 36. Rc1 e3+ 37. Kd1 e2+ 38. Kxe2 Rxc1 39. Rxc1 Rxh4 40. Rc7+ Ke8 41. Kf3 Rh3+ 42. Kf4 Rxd3 43. Rc2 Kf7 44. Rc7+ Ke8 45. Rc2 Rd4+ 46. Kg3 Rd1 47. Rg2 Ke7 48. Rf2 Re1 49. Kf3 Rd1 50. Kg2 Rb1 51. Re2+ Kf7 52. Kf3 Rb2 53. Kf2 Kg7 54. Ke3 Rxe2+ 55. Kxe2 Kh6 56. Kd3 Kg5 57. Kd4 Kxg4 58. Kc5 Kxf5 59. Kxb4 d4 60. Kxa3 Ke4 61. Kb2 Ke3 62. a4 d3 63. Kc1 Ke2 0-1

[Event "Fagernes GM Open Autumn 2024"]
[Site "Fagernes"]
[Date "2024.10.10"]
[Round "6.28"]
[White "Kaewpitakkun, Pantham"]
[Black "Lien, Sebastian"]
[Result "1/2-1/2"]
[ECO "B11"]
[WhiteElo "2023"]
[BlackElo "1911"]
[Annotator "RC"]
[PlyCount "40"]
[EventDate "2024.10.03"]
[EventType "swiss"]
[EventCountry "NOR"]
[SourceTitle "playchess.com"]
[Source "ChessBase"]
[SourceQuality "1"]
[TimeControl "40/6000:2400+30"]

1. e4 c6 2. Nf3 d5 3. Nc3 Nf6 4. Qe2 Bg4 5. h3 Bxf3 6. Qxf3 e5 7. exd5 cxd5 8. d3 Bb4 9. Bd2 Nc6 10. g3 O-O 11. Bg2 e4 12. dxe4 d4 13. Nb1 Nxe4 14. Bxb4 Nxb4 15. O-O Re8 16. Qd1 Rc8 17. Nd2 Nxd2 18. Qxd2 Nxc2 19. Rac1 d3 20. Rcd1 Qb6 1/2-1/2

[Event "Fagernes GM Open Autumn 2024"]
[Site "Fagernes"]
[Date "2024.10.10"]
[Round "6.29"]
[White "Rustan, Elias Buschmann"]
[Black "Sorgjerd, Jan"]
[Result "1/2-1/2"]
[ECO "B99"]
[WhiteElo "1941"]
[BlackElo "1966"]
[Annotator "RC"]
[PlyCount "93"]
[EventDate "2024.10.03"]
[EventType "swiss"]
[EventCountry "NOR"]
[SourceTitle "playchess.com"]
[Source "ChessBase"]
[SourceQuality "1"]
[TimeControl "40/6000:2400+30"]

1. e4 c5 2. Nf3 d6 3. d4 cxd4 4. Nxd4 Nf6 5. Nc3 a6 6. Bg5 e6 7. f4 Be7 8. Qf3 Qc7 9. O-O-O Nbd7 10. g4 b5 11. Bxf6 Nxf6 12. g5 Nd7 13. f5 Nc5 14. f6 gxf6 15. gxf6 Bf8 16. Rg1 b4 17. Nd5 exd5 18. exd5 Bd7 19. Rg7 O-O-O 20. Rxf7 Bh6+ 21. Kb1 Rdf8 22. Re7 Bg5 23. Ne6 Rxf6 24. Qh5 Rxe6 25. Rxd7 Qxd7 26. dxe6 Qe7 27. Qf3 Kc7 28. Bg2 Qe8 29. Rxd6 Kxd6 30. Qd5+ Ke7 31. Qxg5+ Kxe6 32. Qxc5 Qe7 33. Qc4+ Kf6 34. Qh4+ Kf7 35. Bd5+ Kf8 36. Qf4+ Kg7 37. Qg4+ Kh6 38. Qh3+ Kg7 39. Qg3+ Kh6 40. Qh3+ Kg7 41. Qg2+ Kh6 42. Qh3+ Kg7 43. Qg4+ Kh6 44. Qf4+ Kg7 45. Qg4+ Kh6 46. Qf4+ Kg7 47. Qg4+ 1/2-1/2

[Event "Fagernes GM Open Autumn 2024"]
[Site "Fagernes"]
[Date "2024.10.10"]
[Round "6.30"]
[White "Simonsen, David Mindestrommen"]
[Black "Juodziukynas, Aidas"]
[Result "1-0"]
[ECO "B68"]
[WhiteElo "1930"]
[BlackElo "1917"]
[Annotator "RC"]
[PlyCount "45"]
[EventDate "2024.10.03"]
[EventType "swiss"]
[EventCountry "NOR"]
[SourceTitle "playchess.com"]
[Source "ChessBase"]
[SourceQuality "1"]
[TimeControl "40/6000:2400+30"]

1. e4 c5 2. Nf3 d6 3. d4 cxd4 4. Nxd4 Nf6 5. Nc3 Nc6 6. Bg5 e6 7. Qd2 a6 8. O-O-O Be7 9. f4 Bd7 10. Nf3 Qc7 11. e5 dxe5 12. fxe5 Ng4 13. Bxe7 Nxe7 14. Ne4 Nf5 15. h3 Nge3 16. g4 Nxf1 17. Rhxf1 Bc6 18. Nfg5 Bxe4 19. Nxe4 Nh6 20. Nd6+ Kf8 21. Nxf7 Nxf7 22. Qd7 Qxd7 23. Rxd7 1-0

[Event "Fagernes GM Open Autumn 2024"]
[Site "Fagernes"]
[Date "2024.10.11"]
[Round "7.1"]
[White "Jumabayev, Rinat"]
[Black "Willow, Jonah B"]
[Result "1/2-1/2"]
[ECO "B44"]
[WhiteElo "2577"]
[BlackElo "2420"]
[Annotator "TA"]
[PlyCount "67"]
[EventDate "2024.10.03"]
[EventType "swiss"]
[EventCountry "NOR"]
[SourceTitle "playchess.com"]
[Source "ChessBase"]
[SourceQuality "1"]
[TimeControl "40/6000:2400+30"]

1. c4 c5 2. Nf3 Nf6 3. Nc3 Nc6 4. d4 cxd4 5. Nxd4 e6 6. e4 Bb4 7. Nxc6 bxc6 8. Bd3 e5 9. O-O O-O 10. Qc2 Bc5 11. Rb1 a5 12. Bg5 h6 13. Bh4 d6 14. Be2 Bd4 (14... g5 $5 15. Bg3 $8 Be6 $15) 15. Rbd1 g5 16. Bg3 Nd7 17. Bg4 Nc5 18. Bxc8 Rxc8 19. Ne2 Ne6 20. c5 f6 (20... Nxc5 $2 21. Nxd4 exd4 22. Rxd4 $18) (20... dxc5 $6 21. Bxe5 Re8 22. Kh1 $16) (20... d5 $11 {keeps the balance.}) 21. Nxd4 Nxd4 {[%emt 0:00:00] [#]} 22. Rxd4 exd4 23. Bxd6 Rf7 24. e5 fxe5 {[%emt 0:00:59] White must now prevent ...Qf6.} 25. Qg6+ Rg7 26. Qe6+ {[%emt 0:02:19][%mdl 1024] White has strong compensation.} (26. Qxh6 Qe8 $11) 26... Kh7 {[%emt 0:00:00] [#]} 27. Qf5+ $1 (27. Bxe5 $6 Qd7 28. Qb3 d3 $11 (28... Rg6 29. Bxd4 Rd8 30. Bc3 $14)) 27... Kg8 28. Qe6+ ({Better is} 28. Bxe5 $16 Qd7 29. Qf6) 28... Kh7 $14 29. Qf5+ Kg8 $1 30. Bxe5 Qd7 31. Qd3 {[%emt 0:00:31] White has more active pieces. Black is weak on the dark squares} Qd5 32. f4 (32. Qxd4 Qxd4 33. Bxd4 Rd7 $19) ({Reject} 32. Bxd4 $6 Rd8 33. Rd1 Qe6 $11) ({White should play} 32. Bxg7 $16 {Hoping for Qg6.} Kxg7 33. Qa6) 32... Rf8 $11 33. Bxg7 (33. Qxd4 Qxd4+ 34. Bxd4 Rgf7 $19) 33... Kxg7 34. fxg5 {[%emt 0:00:02] Weighted Error Value: White=0.20 (precise) /Black=0.11 (very precise) .  Mistake:       	White=2     	Black=1      Inaccurate:     	---       	Black=3      OK:         	White=10    	Black=10     Best:        	White=1     	Black=3      Strong:       	White=1     	Black=1      Brilliant:      	White=1     	---} 1/2-1/2

[Event "Fagernes GM Open Autumn 2024"]
[Site "Fagernes"]
[Date "2024.10.11"]
[Round "7.2"]
[White "Das, Sayantan"]
[Black "Kvaloy, Aksel Bu"]
[Result "1-0"]
[ECO "C90"]
[WhiteElo "2471"]
[BlackElo "2484"]
[Annotator "TA"]
[PlyCount "67"]
[EventDate "2024.10.03"]
[EventType "swiss"]
[EventCountry "NOR"]
[SourceTitle "playchess.com"]
[Source "ChessBase"]
[SourceQuality "1"]
[TimeControl "40/6000:2400+30"]

1. e4 e5 2. Nf3 Nc6 3. Bb5 a6 4. Ba4 Nf6 5. O-O Be7 6. d3 b5 7. Bb3 d6 8. c3 Na5 9. Bc2 c5 10. Nbd2 O-O 11. Re1 Re8 12. Nf1 h6 13. Ng3 Bf8 14. d4 cxd4 15. cxd4 exd4 16. Nxd4 g6 {[%emt 0:00:47] The position is equal.} 17. b3 Bg7 18. Bb2 Bb7 19. Qd2 Rc8 20. Rad1 Qb6 {[%emt 0:07:46] [#]} (20... Nc6 $14) 21. Ndf5 $1 gxf5 22. Nxf5 Qc5 (22... Re6 $16 {is a better defense.}) 23. Bb1 (23. Nxh6+ Bxh6 24. Qxh6 (24. Qxa5 $2 Qxc2 25. Qb6 Rxe4 $19) 24... Qxf2+ 25. Kh1 Bxe4 (25... Rxc2 $2 26. Qg5+ Kf8 27. Bxf6 $16) 26. Bxe4 (26. Qxf6 $2 Bxg2#) 26... Qxb2 $11) 23... Nc6 {[%emt 0:01:59] Wards off Bd4} (23... Nxe4 24. Rxe4 (24. Qxa5 $2 Qxf2+ 25. Kh1 Ng3+ 26. hxg3 Qxg2#) (24. Bxe4 Rxe4 25. Nxg7 Qc2 $16) 24... Bxe4 25. Nxg7 Qg5 26. Qxg5 (26. Qxa5 $2 Qxg2#) 26... hxg5) 24. Rc1 $18 (24. Nxh6+ Bxh6 25. Qxh6 Qxf2+ 26. Kxf2 Ng4+ 27. Kg1 Nxh6 $17) 24... Qb4 (24... Qb6 {was worth a try.} 25. Rc3 (25. Nxh6+ Bxh6 26. Qxh6 Qxf2+ 27. Kxf2 Ng4+ 28. Ke2 Nxh6 $11) (25. Nxd6 Rcd8 $11) 25... Ne5) 25. Bc3 {[%emt 0:02:06] White is clearly winning.} (25. Qxd6 Re6 (25... Nxe4 $2 26. Qxb4 Nxb4 27. Rxc8 $18) (25... Qxd6 26. Nxd6 Nxe4 27. Rxe4 $14) 26. Qxb4 Nxb4 27. Rxc8+ Bxc8 $14) 25... Qa3 26. Nxh6+ (26. Qxd6 Qxd6 27. Nxd6 Ba8 28. Nxc8 Rxc8 $18) 26... Kf8 27. Nf5 {[%emt 0:01:35][%cal Od2g5] [#] Qg5! is the strong threat.} Ne7 28. Bb2 (28. Nxd6 Rxc3 29. Rxc3 Nfd5 30. exd5 (30. Nxb7 Nxc3 31. f4 Qb4 $17) (30. Nxe8 Bxc3 31. Qc1 Qxc1 $15) 30... Qxd6 $11) 28... Rxc1 29. Rxc1 Qxb2 30. Qxb2 Nxf5 31. exf5 Ne4 32. Qa3 Nc3 33. Qxd6+ Kg8 34. Bd3 {[%emt 0:00:08] Weighted Error Value: White=0.17 (very precise) /Black=0.69.  Mistake:       	---       	Black=4      Inaccurate:     	White=1     	Black=3      OK:         	White=6     	Black=3      Best:        	White=1     	---} 1-0

[Event "Fagernes GM Open Autumn 2024"]
[Site "Fagernes"]
[Date "2024.10.11"]
[Round "7.3"]
[White "Ghasi, Ameet K"]
[Black "Bazakutsa, Svyatoslav"]
[Result "1/2-1/2"]
[ECO "E63"]
[WhiteElo "2503"]
[BlackElo "2483"]
[Annotator "TA"]
[PlyCount "94"]
[EventDate "2024.10.03"]
[EventType "swiss"]
[EventCountry "NOR"]
[SourceTitle "playchess.com"]
[Source "ChessBase"]
[SourceQuality "1"]
[TimeControl "40/6000:2400+30"]

1. c4 Nf6 2. Nf3 g6 3. g3 Bg7 4. Bg2 O-O 5. Nc3 Nc6 6. d4 d6 7. d5 Na5 8. b3 c5 9. Bb2 a6 10. O-O Rb8 11. Nd2 b5 12. Qc1 e5 13. dxe6 {[%emt 0:06:07] White is slightly better.} fxe6 14. Qc2 Qe7 15. Nce4 bxc4 16. Bxf6 (16. bxc4 $2 {perishes.} Rxb2 17. Qd3 Nxe4 18. Nxe4 Bb7 $19) 16... Bxf6 17. Nxf6+ Qxf6 18. Nxc4 Nxc4 19. Qxc4 Rb6 20. Qc2 Bb7 21. Bxb7 Rxb7 22. Rad1 Qe7 23. Rd3 Rc8 24. Rfd1 Rc6 25. h4 Rbc7 26. e4 Rb7 27. Qd2 Rbb6 ({Better is} 27... Rd7) 28. a4 $36 {[%emt 0:05:33][%cal Ba2a4,Ba4a5][%mdl 2080] White is really pushing.} Kg7 29. a5 Rb5 30. Rxd6 (30. f4 $16) 30... Rxd6 $14 31. Qxd6 Qxd6 32. Rxd6 $16 {[%emt 0:00:00][%mdl 4096] Endgame. KR-KR} Kf6 33. Rxa6 Rxb3 (33... Ke5 $16 {is a better defense.}) 34. Rc6 $18 Rb5 (34... Rc3 $16 35. a6 c4) 35. a6 Ra5 {[%emt 0:06:45] [#]} 36. f4 Ra4 {[%emt 0:00:00] [#]} 37. Rxc5 $2 (37. g4 $1 $18) 37... Rxa6 $11 {[%emt 0:00:00] The position is equal.} 38. Kg2 Ra4 39. Kf3 {[%emt 0:00:13] Hoping for e5+.} Ra3+ 40. Kf2 Ra2+ 41. Kf3 {[%emt 0:40:44] Threatens to win with e5+.} Ra3+ 42. Kg2 Ra2+ 43. Kh3 Re2 44. Rc7 {[%emt 0:00:00] aiming for e5+.} h5 45. Rc4 Rf2 46. Rc8 Re2 47. Rc4 Rf2 {[%emt 0:00:06] Weighted Error Value: White=0.20 (precise) /Black=0.14 (very precise) .  Missed win:     	White=1     	---        Mistake:       	White=1     	Black=3      Inaccurate:     	White=1     	Black=1      OK:         	White=9     	Black=10     Best:        	White=3     	Black=2} 1/2-1/2

[Event "Fagernes GM Open Autumn 2024"]
[Site "Fagernes"]
[Date "2024.10.11"]
[Round "7.4"]
[White "Raja Rithvik R"]
[Black "Stremavicius, Titas"]
[Result "1/2-1/2"]
[ECO "D33"]
[WhiteElo "2514"]
[BlackElo "2541"]
[Annotator "TA"]
[PlyCount "45"]
[EventDate "2024.10.03"]
[EventType "swiss"]
[EventCountry "NOR"]
[SourceTitle "playchess.com"]
[Source "ChessBase"]
[SourceQuality "1"]
[TimeControl "40/6000:2400+30"]

1. d4 d5 2. c4 e6 3. Nc3 c5 4. cxd5 exd5 5. Nf3 Nf6 6. g3 Nc6 7. Bg2 cxd4 8. Nxd4 Bc5 9. Nb3 Bb6 10. O-O d4 11. Na4 O-O {[%emt 0:00:00] White is slightly better.} 12. Bg5 Re8 13. Re1 h6 14. Nxb6 axb6 15. Bxc6 bxc6 16. Bxf6 Qxf6 17. Qxd4 Qd8 18. Qxd8 Rxd8 {[%emt 0:00:00] The position is equal.} 19. Rec1 Be6 20. Kf1 Ra4 21. Rc3 c5 22. Ke1 Rb4 23. Rc2 {[%emt 0:06:50] Weighted Error Value: White=0.03 (flawless) /Black=0.02 (flawless) .  Inaccurate:     	White=1     	---        OK:         	White=12    	Black=7      Best:        	---       	Black=1} 1/2-1/2

[Event "Fagernes GM Open Autumn 2024"]
[Site "Fagernes"]
[Date "2024.10.11"]
[Round "7.5"]
[White "Blomqvist, Erik"]
[Black "Moksh Amit Doshi"]
[Result "0-1"]
[ECO "C47"]
[WhiteElo "2483"]
[BlackElo "2377"]
[Annotator "TA"]
[PlyCount "118"]
[EventDate "2024.10.03"]
[EventType "swiss"]
[EventCountry "NOR"]
[SourceTitle "playchess.com"]
[Source "ChessBase"]
[SourceQuality "1"]
[TimeControl "40/6000:2400+30"]

1. e4 e5 2. Nf3 Nc6 3. Nc3 Nf6 4. Nd5 Bc5 5. c3 O-O 6. d3 Nxd5 7. exd5 Ne7 8. Nxe5 {[%emt 0:00:00] Die Stellung ist ausgeglichen.} Nxd5 9. d4 Be7 10. Qf3 c6 11. Bd3 d6 12. Nc4 Be6 13. O-O Qd7 14. a4 Rad8 15. h3 f5 16. Re1 Rde8 17. Ne3 Bg5 18. Nf1 ({Aber nicht} 18. Nxf5 $2 Bxc1 19. Raxc1 Bxf5 $19) 18... Qd8 19. Ng3 g6 20. a5 Bf7 21. Ne2 Bxc1 22. Rexc1 Nf6 23. Qf4 Nh5 $1 24. Qh6 Qh4 {[%emt 0:02:04] ...f4 wäre nun fies.} 25. Ng3 Re6 (25... Qf4 $15 26. Qxf4 Nxf4) 26. Re1 (26. d5 $14 Rf6 27. Ra4 Qxa4 28. Nxh5 gxh5 29. Qxf6) 26... Qf4 $11 27. Qxf4 Nxf4 28. Rxe6 Bxe6 29. Bf1 Re8 30. c4 (30. Ne2 $11 Nd5 31. Nc1) 30... Bf7 $15 31. b4 {[%emt 0:05:30] Die Straße ins Nirgendwo für Weiß.} (31. h4 $15) 31... Kg7 {[%emt 0:00:33] Schwarz steht aktiver.} 32. c5 a6 33. f3 Re3 34. Rb1 {[%emt 0:00:22] [#]} (34. cxd6 $17 Kf6 35. Rc1) 34... Kf6 (34... d5 $1 $19 35. Kf2 Ra3) 35. Kf2 (35. cxd6 $17 Re6 36. Rd1 (36. d7 Rd6 $17)) 35... Ra3 36. Rb2 (36. Ne2 $142 Nd3+ 37. Kg3) 36... Bd5 $19 37. h4 Ke7 38. h5 Kd7 39. hxg6 hxg6 40. Ke1 Ne6 41. Ne2 Bc4 42. Kf2 d5 43. Ng1 Bxf1 (43... Nxd4 44. Bxc4 dxc4 45. Rd2 $11) 44. Kxf1 Nxd4 {[%emt 0:00:12][%mdl 4096] Endspiel. KRN-KRN} 45. Nh3 Ke7 46. f4 Rc3 47. Ke1 Kf6 48. Ng5 Ne6 49. Nh3 Rc4 50. g3 Rc3 {[%emt 0:00:05] Wehrt Rb3 ab} 51. Kf2 g5 52. fxg5+ Nxg5 53. Nf4 (53. Nxg5 Kxg5 54. Re2) 53... Ne4+ {[%emt 0:00:08] Schwarz steht klar auf Gewinn.} 54. Ke1 Rc1+ 55. Ke2 Nxg3+ 56. Ke3 Rc3+ 57. Nd3 {[%emt 0:00:08] [#]} f4+ $1 58. Kd2 (58. Kxf4 Rxd3) 58... Ne4+ 59. Ke2 Kg5 {[%emt 0:00:12] Gewichteter Fehlerwert: Weiß=0.41/Schwarz=0.09 (makellos) .  Fehler:       	Weiß=7     	Schwarz=2     Ungenau:       	Weiß=4     	Schwarz=1     OK:         	Weiß=14    	Schwarz=25    Bester:       	Weiß=3     	---        Stark:        	---       	Schwarz=1} 0-1

[Event "Fagernes GM Open Autumn 2024"]
[Site "Fagernes"]
[Date "2024.10.11"]
[Round "7.6"]
[White "Aizenberg, Benny"]
[Black "Kanyamarala, Tarun"]
[Result "1/2-1/2"]
[ECO "B32"]
[WhiteElo "2423"]
[BlackElo "2369"]
[Annotator "TA"]
[PlyCount "119"]
[EventDate "2024.10.03"]
[EventType "swiss"]
[EventCountry "NOR"]
[SourceTitle "playchess.com"]
[Source "ChessBase"]
[SourceQuality "1"]
[TimeControl "40/6000:2400+30"]

1. e4 c5 2. Nf3 {[%emt 0:00:00][%cal Bg1f3,Bf3d4,Bd4b5,Bb5a3,Ba3c4][%mdl 32] EV=24.08} Nc6 3. d4 cxd4 4. Nxd4 e5 5. Nb5 d6 6. N1c3 a6 7. Na3 Be7 8. Nc4 b5 9. Ne3 {[%emt 0:00:00] OK} Nf6 {[%emt 0:00:00] OK} 10. Bd3 O-O {[%emt 0:00:00] OK. Wit heeft hier iets.} 11. O-O Nb4 {[%emt 0:00:00] OK} 12. Be2 {[%emt 0:05:18] OK} Be6 13. a3 {[%emt 0:06:24] OK} Nc6 {[%emt 0:00:00] OK} 14. Ned5 {[%emt 0:00:42] OK} Nd4 {[%emt 0:10:01] Onnauwkeurig} 15. Bd3 {[%emt 0:06:15] Beste} Nxd5 {[%emt 0:02:49] OK} 16. Nxd5 Bg5 $1 {[%emt 0:09:37] Sterk} 17. Be3 {[%emt 0:15:05] Fout (0.5)} (17. Bxg5 $14 Qxg5 18. c3 Bxd5 19. exd5) 17... Bxe3 $11 {[%emt 0:08:47] OK} 18. Nxe3 Rb8 {[%emt 0:15:00] OK} 19. c3 {Zwart zou moeten proberen} Bb3 {[%emt 0:10:24] Fout (0.6)} (19... Nb3 $11) 20. Qd2 Nc6 {[%emt 0:02:38] OK} 21. Bc2 {[%emt 0:05:39] Onnauwkeurig} Na5 {[%emt 0:02:06] OK} 22. Qe2 Be6 {[%emt 0:01:43] Beste} 23. b4 {[%emt 0:03:12] OK} Nc4 {[%emt 0:02:38] OK} 24. Nxc4 {[%emt 0:00:06] OK} Bxc4 25. Bd3 {[%emt 0:00:00] OK} Bxd3 26. Qxd3 Qc7 {[%emt 0:01:52] OK} 27. a4 Rfc8 {[%emt 0:00:03] OK} 28. axb5 {[%emt 0:00:17] OK} axb5 29. Rfc1 Rb6 {[%emt 0:03:39] kan beter zijn. Ontwijkt Ra6. Fout (0.5)} (29... Qc6 $11) 30. h3 {[%emt 0:05:53] Onnauwkeurig} h6 31. Ra5 {[%emt 0:00:35][%cal Ra5b5] OK} Qc4 32. Qe3 {[%emt 0:01:06] Onnauwkeurig} Rbc6 {[%emt 0:00:50] OK} 33. Rd1 Qb3 {[%emt 0:01:02] Remt Ra3. OK} 34. Qe2 {[%emt 0:02:44] blijft gelijk. Fout (1.0)} (34. Qd2 $11) {Zwart kan overwegen.} 34... Rb8 {[%emt 0:05:29] Fout (1.0)} (34... Rxc3 $17 {Dreigt te winnen met ...Rb8.} 35. Rxb5 Rc1 36. Rxc1 Rxc1+ 37. Kh2 Rc2) 35. Rd5 {[%emt 0:01:30][%cal Rd5b5] De stelling is in evenwicht.} Qxc3 {[%emt 0:01:00] OK} 36. Raxb5 {[%emt 0:00:50] OK} Rcb6 37. Rxb6 Rxb6 {[%emt 0:00:00][%mdl 4096] Eindspel. KQR-KQR} 38. b5 {[%emt 0:00:00] Beste (Gemakkelijk)} Qb4 {[%emt 0:01:03] OK} 39. Kh2 Rb8 40. h4 {[%emt 0:02:48] OK} h5 {[%emt 0:00:25] OK} 41. Qd3 g6 {[%emt 0:03:01] OK} 42. Rxd6 {[%emt 0:03:27] [#] Hoopt vervolgens op Rd8+. OK} Qxb5 {[%emt 0:03:58] OK} 43. Qc3 Re8 {[%emt 0:01:31] OK} 44. Rd5 Qb6 45. Qf3 Qe6 46. g3 Rc8 {[%emt 0:00:45] OK} 47. Kg2 Re8 48. Qc3 {[%emt 0:00:14] OK} Qe7 {[%emt 0:00:35] OK} 49. Qc6 Kg7 {[%emt 0:01:58] OK} 50. Rd7 Qe6 51. Rd6 Qe7 52. Qd5 {[%emt 0:00:06] OK} Rf8 53. Qc5 {[%emt 0:02:15][%cal Od6g6] [#] En nu zou Rxg6+! winnen.} Re8 {[%emt 0:00:31] OK} 54. Qd5 {[%emt 0:00:07] OK} Rf8 55. Rd7 {[%emt 0:00:18] OK} Qf6 {[%emt 0:00:21] OK} 56. Qc5 {[%emt 0:00:14] OK} Re8 {[%emt 0:00:48] Remt Re7.} 57. Qc7 Qe6 58. Rd5 {[%emt 0:00:42] OK} Qe7 59. Qc3 Kg8 60. Qc6 {[%emt 0:00:16] Blunder waarde: Wit=0.09 (foutloos) /Zwart=0.06 (foutloos) . OK.  Fout:        	Wit=2      	Zwart=3      Onnauwkeurig:    	Wit=3      	Zwart=1      OK:         	Wit=19     	Zwart=25     Beste:        	Wit=2      	Zwart=1      Sterk:        	---       	Zwart=1} 1/2-1/2

[Event "Fagernes GM Open Autumn 2024"]
[Site "Fagernes"]
[Date "2024.10.11"]
[Round "7.7"]
[White "Fiskaaen, Martin Holten"]
[Black "Urkedal, Frode Olav Olsen"]
[Result "0-1"]
[ECO "B51"]
[WhiteElo "2259"]
[BlackElo "2559"]
[Annotator "TA"]
[PlyCount "102"]
[EventDate "2024.10.03"]
[EventType "swiss"]
[EventCountry "NOR"]
[SourceTitle "playchess.com"]
[Source "ChessBase"]
[SourceQuality "1"]
[TimeControl "40/6000:2400+30"]

1. e4 c5 2. Nf3 d6 3. Bb5+ Nd7 4. O-O Ngf6 5. Re1 a6 6. Bf1 b6 7. c4 Ne5 8. Nc3 Bg4 9. Be2 {[%emt 0:01:03] The position is equal.} Bxf3 10. Bxf3 Nxf3+ 11. Qxf3 g6 12. d3 Bg7 13. Rb1 O-O 14. Bd2 Nd7 15. a3 Ne5 16. Qh3 Qc8 {[%emt 0:05:52] Threatens to win with ...Qxh3.} 17. Qe3 e6 18. Qe2 Nc6 19. b4 Nd4 20. Qd1 Rd8 21. Ne2 b5 22. Nxd4 Bxd4 23. Qc2 Qc6 24. Rec1 Rdc8 25. Bc3 Bxc3 26. Qxc3 Rab8 27. g3 bxc4 28. Qxc4 Qa4 29. bxc5 Qxc4 ({Much worse is} 29... Qxa3 $6 30. Rxb8 Rxb8 31. c6 $16) 30. dxc4 Rxb1 31. Rxb1 Rxc5 $11 {[%emt 0:00:00][%mdl 4096] Endgame. KR-KR} 32. Rb6 (32. Rb8+ $1 $11 Kg7 33. Ra8) 32... a5 $1 $17 33. Rxd6 (33. Ra6 $142) 33... Rxc4 34. Ra6 (34. Kg2 $17) 34... Ra4 $19 35. h4 Rxa3 ({Not} 35... Rxe4 36. Rxa5 Kg7 37. Ra8 $11) 36. e5 (36. Ra8+ $17 Kg7 37. Kg2) 36... h6 37. Kg2 Kg7 38. Ra7 g5 (38... Ra1 $19 {and Black stays clearly on top. White must now prevent ...a4.} 39. Kf3 a4) 39. h5 Ra2 40. Ra8 a4 41. g4 $2 (41. Ra6 $17) 41... a3 42. Kg3 Ra1 {[%emt 0:01:19] Strongly threatening ...f5.} 43. Kf3 $2 {[%emt 0:01:09][%mdl 8192] [#] White does not recover from this.} (43. Kh2 $1 $15) 43... a2 $1 44. Kg2 {[%emt 0:04:03] [#]} f5 $1 45. gxf5 (45. exf6+ Kxf6 46. Ra6) 45... exf5 46. Ra7+ Kf8 {[%emt 0:00:18] ( -> ...g4)} 47. Kh2 g4 {[%emt 0:00:27] Black mates.} 48. Ra4 Ke7 49. Ra6 f4 50. Kg2 f3+ 51. Kh2 {[%emt 0:00:21] [#]} g3+ $1 {[%emt 0:00:41][%mdl 512] Weighted Error Value: White=0.67/Black=0.07 (flawless) .  Loses game:     	White=1     	---        Mistake:       	White=6     	Black=1      Inaccurate:     	White=1     	Black=1      OK:         	White=11    	Black=14     Best:        	---       	Black=3      Strong:       	---       	Black=3} 0-1